 Dungeon Crawl Stone Soup version 0.25-a0-178-gc9f82b1288 (webtiles) character file.

Game seed: 7728006196885443456, levelgen mode: deterministic

459 vurker the Gusty (level 7, -2/40 HPs)
             Began as a Tengu Air Elementalist on Nov 26, 2019.
             Slain by a hornet zombie (7 damage)
             ... on level 4 of the Dungeon.
             The game lasted 00:08:45 (4823 turns).

vurker the Gusty (Tengu Air Elementalist)           Turns: 4823, Time: 00:08:46

Health: -2/40      AC:  2    Str:  8    XL:     7   Next: 6%
Magic:  5/14       EV: 13    Int: 17    God:
Gold:   142        SH:  0    Dex: 15    Spells: 6/14 levels left

rFire    . . .     SeeInvis .   k - +2 short sword (elec)
rCold    . . .     Gourm    .   (no shield)
rNeg     . . .     Faith    .   a - +0 robe
rPois    .         Spirit   .   (helmet restricted)
rElec    .         Reflect  .   (no cloak)
rCorr    .         Harm     .   (no gloves)
MR       .....                  (boots unavailable)
Stlth    ++........             n - amulet of magic regeneration
HPRegen  0.13/turn              (no ring)
MPRegen  0.39/turn              (no ring)

@: no status effects
A: beak, talons 3, able to fly
a: Fly


You were on level 4 of the Dungeon.
You were near starving.

You visited 1 branch of the dungeon, and saw 4 of its levels.
You also visited: Sewer.

You collected 142 gold pieces.

Inventory:

Hand Weapons
 c - a +1 dagger of venom
   (You took it off a goblin on level 3 of the Dungeon)
 k - a +2 short sword of electrocution (weapon)
   (You found it on level 1 of the Dungeon)
Armour
 a - a +0 robe (worn)
Jewellery
 n - an amulet of magic regeneration (around neck)
   (You found it on level 2 of the Dungeon)
Scrolls
 f - a scroll of blinking {unknown}
 m - 3 scrolls of identify {unknown}
 p - a scroll of amnesia {unknown}
 q - a scroll of remove curse
 u - a scroll of fog {unknown}
Potions
 b - 2 potions of curing {unknown}
 d - a potion of mutation {unknown}
 g - a potion of haste {unknown}
 h - a potion of ambrosia {unknown}
 i - 2 potions of might {unknown}
 j - a potion of magic {unknown}
 l - a potion of lignification {unknown}
 o - a potion of berserk rage {unknown}
 r - a potion of degeneration {unknown}
 s - a potion of agility {unknown}
 t - a potion of invisibility {unknown}
Comestibles
 e - 9 rations


   Skills:
 + Level 2.4 Fighting
 - Level 2.1 Dodging
 - Level 2.0 Stealth
 * Level 4.0 Spellcasting
 * Level 4.9 Conjurations
 * Level 6.3 Air Magic


You had 6 spell levels left.
You knew the following spells:

 Your Spells              Type           Power        Failure   Level  Hunger
a - Shock                 Conj/Air       ###.         1%          1    None
b - Static Discharge      Conj/Air       ###.....     4%          3    ###....
c - Airstrike             Air            ####......   12%         4    ####...

Your spell library contained the following spells:

 Spells                   Type           Power        Failure   Level  Hunger
 Swiftness                Chrm/Air       ##......     6%          2    ##.....
 Lightning Bolt           Conj/Air       ###.......   41%         5    ######.


Dungeon Overview and Level Annotations

Branches:
Dungeon (4/15)              Sewer (visited)
 Temple: D:4-7

Altars:
Uskayaw
Wu Jian


Innate Abilities, Weirdness & Mutations

You have a beak for a mouth.
You have claws for feet.
You can fly continuously.


Message History

Okay, then.
Found a scroll labeled LEULUO HOERALIEDI.
u - a scroll labeled LEULUO HOERALIEDI An orc and an orc wizard come into view.
The orc wizard shouts!
The orc moves out of view.
Found 12 gold pieces.
The zap hits the orc wizard. x2
Okay, then.
The zap hits the orc wizard.
You feel a bit more experienced. x2
A hornet zombie comes into view.
The orc wizard hits you but does no damage.
The zap hits the orc wizard.
The zap misses the orc.
The zap hits the orc!
You kill the orc!
You feel a bit more experienced.
The orc wizard gestures wildly while chanting.
The orc wizard seems to speed up.
The zap hits the orc wizard.
The orc wizard casts a spell at you. The magic dart hits you!
The zap misses the orc wizard.
The zap misses the hornet zombie. x2
The orc wizard gestures wildly while chanting.
The orc wizard flickers and vanishes!
Deactivating autopickup; reactivate with Ctrl-A.
Something hits you.
You barely miss something. Something hits you. The hornet zombie hits you.
You hear some strange, mumbled words.
A magic dart appears from out of thin air!
The magic dart hits you!
* * * LOW HITPOINT WARNING * * *
Aim: a hornet zombie The zap hits something.
Reactivating autopickup.
Your Spellcasting skill increases to level 4!
You have reached level 7!
You feel a bit more experienced.
The zap hits the hornet zombie.
The hornet zombie closely misses you.
Aim: a hornet zombie (lightly damaged)
The zap hits the hornet zombie.
The hornet zombie hits you.
* * * LOW HITPOINT WARNING * * *
You barely miss the hornet zombie. The hornet zombie hits you!
* * * LOW HITPOINT WARNING * * *
The hornet zombie hits you but does no damage.
Aim: a hornet zombie (lightly damaged)
The air twists around and violently strikes the hornet zombie!
You are near starving!
The hornet zombie hits you!
You die...

##### ### #....#
..$ #....# .. #
+....+ #.#)#####
#.##....####
#....)Z.#
#.#.........
####.##@#
#........... #..
#.#.###.........
#..
#.#..<..........
#..
#.######........
#.# #.####
#.)...... #.
#....###.#####+#
#. ###......#
#..........#
#.....>....#


You could see a hornet zombie.

Vanquished Creatures
  Purgy (Sewer)
  An ogre (D:2)
  An orc wizard (D:4)
  An iguana (D:4)
  Robin (D:2)
  9 adders
  A gnoll (D:1)
  3 worms
  5 leopard geckos
  5 orcs
  4 giant cockroaches
  13 goblins
  8 hobgoblins
  17 jackals
  9 kobolds
  12 bats
  8 frilled lizards
  A quokka skeleton (D:4)
  7 rats
107 creatures vanquished.

Notes
Turn   | Place    | Note
-------+----------+-------------------------------------------
     0 | D:1      | vurker the Tengu Air Elementalist began the quest for the
                  | Orb.
     0 | D:1      | Reached XP level 1. HP: 10/10 MP: 4/4
   132 | D:1      | Reached XP level 2. HP: 15/15 MP: 3/6
   631 | D:1      | You fall into a shaft and drop 1 floor!
   646 | D:2      | Reached XP level 3. HP: 3/20 MP: 2/7
  1188 | D:2      | Reached skill level 1 in Fighting
  1229 | D:2      | Reached XP level 4. HP: 25/25 MP: 0/9
  1315 | D:2      | Learned a level 3 spell: Static Discharge
  1320 | D:2      | Learned a level 4 spell: Airstrike
  1673 | D:2      | Reached skill level 5 in Air Magic
  2003 | D:2      | Noticed an ogre
  2845 | D:2      | Killed an ogre
  2845 | D:2      | Gained mutation: You can fly continuously. [Tengu growth]
  2845 | D:2      | Reached XP level 5. HP: 30/30 MP: 0/10
  3049 | D:2      | Noticed Robin
  3060 | D:2      | Killed Robin
  3060 | D:2      | Reached XP level 6. HP: 35/35 MP: 6/12
  4102 | D:3      | Found a hide-covered altar of Uskayaw.
  4169 | D:3      | Found a glowing drain.
  4179 | Sewer    | Entered a sewer
  4288 | Sewer    | Noticed Purgy
  4299 | Sewer    | Killed Purgy
  4299 | Sewer    | Reached skill level 6 in Air Magic
  4584 | D:3      | Found an ornate altar of the Wu Jian Council.
  4819 | D:4      | Reached XP level 7. HP: 14/40 MP: 8/14
  4823 | D:4      | Slain by a hornet zombie

Levels and vault maps discovered:
D:1:      dpeg_arrival_rooms_b, layout_loops_ring
D:2:      layout_rooms, hex_intersection, uniq_robin
D:3:      layout_rooms, lemuel_round_altar, marbit_many_paths,
          gup_sewer_entry_pipe
D:4:      minmay_chambers_of_twos, layout_basic,
          nicolae_overflow_quartered_altars

Skill      XL: |  1  2  3  4  5  6 |
---------------+-------------------+-----
Conjurations   | 2 3 4 |  4.9
Fighting       | 1 2 |  2.4
Air Magic      | 5 6 |  6.3
Spellcasting   | 3 4 |  4.0
Dodging        | |  2.1
Stealth        | |  2.0

Action                   |  1- 3 |  4- 6 |  7- 9 || total
-------------------------+-------+-------+-------++-------
Melee: Unarmed           |     3 |       |       ||     3
       Dagger            |     9 |     1 |       ||    10
       Peck              |     1 |     6 |       ||     7
       Short sword       |       |    35 |     1 ||    36
       Kick              |       |     6 |       ||     6
 Cast: Shock             |    54 |   156 |     2 ||   212
       Airstrike         |       |     8 |     1 ||     9
  Use: Scroll            |       |     3 |       ||     3
  Eat: Chunk             |     2 |    11 |       ||    13
Armor: Robe              |     9 |     9 |     1 ||    19
Dodge: Dodged            |    26 |    57 |     1 ||    84

Table legend:
 A = Non-vault XP
 B = Vault XP
 C = Vault XP percentage of total XP
 D = Non-vault monster count
 E = Vault monster count
 F = Vault count percentage of total count
                 A         B        C        D         E       F
            +---------+---------+-------+---------+---------+-------
      Total |     441 |     215 |  32.8 |      86 |      21 |  19.6
            +---------+---------+-------+---------+---------+-------
        D:1 |      56 |       0 |   0.0 |      30 |       0 |   0.0
        D:2 |     258 |      31 |  10.7 |      34 |       9 |  20.9
        D:3 |      40 |      15 |  27.3 |      15 |       6 |  28.6
        D:4 |      87 |       0 |   0.0 |       7 |       0 |   0.0
      Sewer |       0 |     169 | 100.0 |       0 |       6 | 100.0
            +---------+---------+-------+---------+---------+-------
